[Event "Titled Tuesday Blitz April 18 Early 2023"]
[White "O`Gorman, Tom"]
[Black "Kushko, Dmitriy"]
[WhiteFideId "2508249"]
[BlackFideId "14162261"]
[WhiteElo "2271"]
[BlackElo "2230"]
[Result "0-1"]
[Round "09"]
[TimeControl "180+2"]
[Date "2023.04.18"]
[WhiteClock "0:00:16"]
[BlackClock "0:00:08"]

1. e4 g6 2. d4 Bg7 3. Nc3 d6 4. f4 a6 5. Nf3 b5 6. a3 Nd7 7. Bd3 c5 8. Be3 Bb7 9. e5 cxd4 10. Bxd4 dxe5 11. fxe5 Bxf3 12. Qxf3 Bxe5 13. Qf2 Ngf6 14. O-O Bxd4 15. Qxd4 Qb6 16. Qxb6 Nxb6 17. Rae1 Kf8 18. a4 b4 19. a5 bxc3 20. axb6 Rb8 21. bxc3 Rxb6 22. Rb1 Rc6 23. Rb7 Rxc3 24. Re1 e6 25. Ra7 Kg7 26. Rxe6 Ra3 27. Ree7 Rf8 28. Bc4 Ng4 29. Rxf7+ Rxf7 30. Rxf7+ Kh6 31. h3 Ne5 32. Rf4 Ra4 33. Rh4+ Kg7 0-1


[Site "https://www.chess.com"]

[Event "Titled Tuesday Blitz April 18 Early 2023"]
[White "Galchenko, Matvey"]
[Black "Girya, Olga"]
[WhiteFideId "24175480"]
[BlackFideId "4195752"]
[WhiteElo "2423"]
[BlackElo "2263"]
[Result "1-0"]
[Round "09"]
[TimeControl "180+2"]
[Date "2023.04.18"]
[WhiteClock "0:00:46"]
[BlackClock "0:00:01"]

1. f4 d5 2. Nf3 g6 3. g3 Bg7 4. Bg2 Nd7 5. O-O c6 6. d3 e5 7. Nc3 Ne7 8. e4 dxe4 9. dxe4 O-O 10. f5 gxf5 11. Nh4 f4 12. gxf4 exf4 13. Qh5 Nf6 14. Qg5 Ng6 15. Nf5 Bxf5 16. Qxf5 Qb6+ 17. Kh1 Nh4 18. Qxf4 Nxg2 19. Kxg2 Rae8 20. Rb1 Re6 21. Be3 Qb4 22. a3 Qe7 23. Qf5 Re5 24. Qf3 Nxe4 25. Nxe4 Rxe4 26. Bc5 Qxc5 27. Qxe4 f5 28. Qe6+ Kh8 29. Rf2 Rg8 30. b4 1-0


[Site "https://www.chess.com"]

[Event "Titled Tuesday Blitz April 18 Early 2023"]
[White "Csonka, Balazs"]
[Black "Sousa, Andre Ventura"]
[WhiteFideId "742910"]
[BlackFideId "1917617"]
[WhiteElo "2404"]
[BlackElo "2348"]
[Result "1-0"]
[Round "09"]
[TimeControl "180+2"]
[Date "2023.04.18"]
[WhiteClock "0:00:02"]
[BlackClock "0:00:09"]

1. e4 e5 2. Nf3 Nc6 3. Bc4 Nf6 4. Ng5 d5 5. exd5 Na5 6. Bb5+ c6 7. dxc6 bxc6 8. Bd3 Nd5 9. Nf3 Bd6 10. O-O O-O 11. Re1 f5 12. Nxe5 Qf6 13. Nf3 g5 14. c4 Nf4 15. Bf1 g4 16. d4 gxf3 17. Qxf3 Ne6 18. c5 Nxd4 19. Qc3 Bc7 20. b4 Rb8 21. Bb2 Rxb4 22. Qxb4 Qh4 23. Bc4+ Nxc4 24. Qxc4+ Be6 25. Qxd4 Bxh2+ 26. Kf1 Bc4+ 27. Re2 Qxd4 28. Bxd4 Rd8 29. Nc3 Rxd4 30. g3 Rd3 31. Kg2 Rxc3 32. Rd2 Bd5+ 33. Kxh2 Rxc5 34. Rb1 Kg7 35. f4 Kg6 36. Rbb2 Rc3 37. Rbc2 Ra3 38. Rb2 Kh5 39. Kh3 Kg6 40. Rb7 Kh6 41. Re2 Kg6 42. Ree7 Rxa2 43. Rg7+ Kf6 44. Rxh7 Bg2+ 45. Kh4 Bd5 46. Rh6# 1-0


[Site "https://www.chess.com"]

[Event "Titled Tuesday Blitz April 18 Early 2023"]
[White "Harshad S"]
[Black "Caruana, Fabiano"]
[WhiteFideId "46616551"]
[BlackFideId "2020009"]
[WhiteElo "2163"]
[BlackElo "2837"]
[Result "0-1"]
[Round "09"]
[TimeControl "180+2"]
[Date "2023.04.18"]
[WhiteClock "0:00:52"]
[BlackClock "0:01:24"]

1. e4 e5 2. Nf3 Nc6 3. Bb5 a6 4. Ba4 Nf6 5. d3 Bc5 6. Nc3 d6 7. h3 h6 8. O-O O-O 9. Be3 Bxe3 10. fxe3 Ne7 11. Bb3 Ng6 12. Qe2 c6 13. Kh2 Re8 14. a4 d5 15. Qf2 Be6 16. exd5 cxd5 17. d4 e4 18. Nd2 Rc8 19. a5 h5 20. Ne2 h4 21. Rfc1 Qd6+ 22. Kh1 Rc7 23. c3 Rec8 24. Ba4 Nh5 25. Nb3 Ng3+ 26. Nxg3 hxg3 27. Qe2 Nh4 28. Nc5 Bxh3 29. Qh5 Bxg2+ 30. Kg1 Qf6 31. Rc2 Bh3 32. Qxd5 Nf3+ 33. Kh1 Qh6 34. Qxe4 Bf1+ 0-1


[Site "https://www.chess.com"]

[Event "Titled Tuesday Blitz April 18 Early 2023"]
[White "Grigoriants, Sergey"]
[Black "Berezin, Viktor"]
[WhiteFideId "4130804"]
[BlackFideId "14107872"]
[WhiteElo "2502"]
[BlackElo "2310"]
[Result "1-0"]
[Round "09"]
[TimeControl "180+2"]
[Date "2023.04.18"]
[WhiteClock "0:00:14"]
[BlackClock "0:00:12"]

1. d4 Nf6 2. c4 g6 3. f3 Bg7 4. e4 O-O 5. Nc3 d6 6. Nge2 b6 7. Be3 c5 8. Qd2 Nc6 9. Rc1 cxd4 10. Nxd4 Bb7 11. Be2 Rc8 12. O-O Nd7 13. Rfd1 Nc5 14. Nc2 Ne6 15. b3 Qc7 16. Nd5 Qd7 17. Re1 Rfe8 18. Rcd1 Nc5 19. Bh6 Bh8 20. Bf1 e6 21. Nde3 Rcd8 22. Bg5 f6 23. Bh4 Qf7 24. Ng4 Bg7 25. Nh6+ Bxh6 26. Qxh6 g5 27. Bf2 Ne5 28. h4 g4 29. f4 Qg6 30. Qxg6+ Nxg6 31. f5 Ne5 32. Nd4 Bxe4 33. b4 exf5 34. bxc5 dxc5 35. Nb5 Bc2 36. Rxd8 Rxd8 37. Bg3 Ng6 38. Bc7 Rd7 39. h5 Nh4 40. Bg3 Nf3+ 41. gxf3 gxf3 42. Kf2 Be4 43. Bf4 Kf7 44. Nd6+ Ke6 45. Nxe4 fxe4 46. Rxe4+ Kf7 47. Kxf3 1-0


[Site "https://www.chess.com"]

[Event "Titled Tuesday Blitz April 18 Early 2023"]
[White "Drygalov, Andrey"]
[Black "Lamaze, Simon"]
[WhiteFideId "24171735"]
[BlackFideId "36069264"]
[WhiteElo "2466"]
[BlackElo "2272"]
[Result "1-0"]
[Round "09"]
[TimeControl "180+2"]
[Date "2023.04.18"]
[WhiteClock "0:01:03"]
[BlackClock "0:00:41"]

1. e4 c5 2. Nf3 e6 3. d4 cxd4 4. Nxd4 Nc6 5. Nc3 Qc7 6. Be2 Nf6 7. Ndb5 Qb8 8. f4 d6 9. Be3 a6 10. Nd4 Bd7 11. g4 Nxd4 12. Qxd4 e5 13. Qd1 exf4 14. Bxf4 Be6 15. g5 Nd7 16. Qd4 Ne5 17. O-O-O Be7 18. Kb1 O-O 19. h4 Qc7 20. Nd5 Bxd5 21. Qxd5 Rac8 22. c3 Qc6 23. h5 Qxd5 24. Rxd5 f5 25. Bxe5 dxe5 26. Rxe5 Bxg5 27. exf5 Bf6 28. Rd5 Rc7 29. Bf3 Re8 30. Rd3 Kf8 31. Bd5 Re2 32. h6 b5 33. a3 a5 34. hxg7+ Rxg7 35. Rh6 Ke7 36. Bc6 Be5 37. Re6+ Kf8 38. Rd8+ Kf7 39. Be8+ Kf8 40. Bg6# 1-0


[Site "https://www.chess.com"]

[Event "Titled Tuesday Blitz April 18 Early 2023"]
[White "Kim, Sergey"]
[Black "Kukhmazov, Arsen"]
[WhiteFideId "13700570"]
[BlackFideId "24108260"]
[WhiteElo "2618"]
[BlackElo "2396"]
[Result "1/2-1/2"]
[Round "09"]
[TimeControl "180+2"]
[Date "2023.04.18"]
[WhiteClock "0:01:14"]
[BlackClock "0:01:14"]

1. d4 d5 2. c4 c6 3. Nf3 Nf6 4. Qc2 g6 5. e3 Bg7 6. Bd3 O-O 7. O-O Nbd7 8. Nbd2 Re8 9. b3 b6 10. Bb2 Bb7 11. b4 c5 12. dxc5 bxc5 13. b5 e5 14. cxd5 Nxd5 15. a3 Qe7 16. Rfe1 Rac8 17. e4 Nf4 18. Bf1 Ne6 19. Qa4 Nd4 20. Qxa7 Rb8 21. Nxd4 cxd4 22. a4 Qb4 23. Nc4 Qc5 24. Qxc5 1/2-1/2


[Site "https://www.chess.com"]

[Event "Titled Tuesday Blitz April 18 Early 2023"]
[White "Samsonkin, Artiom"]
[Black "Sokolovsky, Yahli"]
[WhiteFideId "13503111"]
[BlackFideId "2820242"]
[WhiteElo "2524"]
[BlackElo "2316"]
[Result "1-0"]
[Round "09"]
[TimeControl "180+2"]
[Date "2023.04.18"]
[WhiteClock "0:00:12"]
[BlackClock "0:01:34"]

1. e4 d6 2. d4 Nf6 3. Nc3 g6 4. f4 Bg7 5. Nf3 O-O 6. Bd3 c5 7. dxc5 dxc5 8. e5 Nd5 9. Nxd5 Qxd5 10. Qe2 Bg4 11. Be4 Qd7 12. h3 Bf5 13. Bxf5 Qxf5 14. O-O Nc6 15. Be3 b6 16. c3 Rad8 17. Rad1 Qe4 18. Ng5 Qf5 19. Qb5 Qc8 20. Qc4 Rxd1 21. Rxd1 h6 22. Nf3 Rd8 23. Rxd8+ Qxd8 24. e6 f5 25. Kh2 Qd6 26. Nh4 Kh7 27. g4 fxg4 28. Qe4 Nd8 29. Qxg6+ Kg8 30. Nf5 g3+ 31. Kxg3 1-0


[Site "https://www.chess.com"]

[Event "Titled Tuesday Blitz April 18 Early 2023"]
[White "Aydincelebi, Kagan"]
[Black "Skatchkov, Valery"]
[WhiteFideId "6361102"]
[BlackFideId "24195812"]
[WhiteElo "2180"]
[BlackElo "2262"]
[Result "0-1"]
[Round "09"]
[TimeControl "180+2"]
[Date "2023.04.18"]
[WhiteClock "0:01:04"]
[BlackClock "0:01:27"]

1. e4 e5 2. Nf3 d5 3. Nxe5 Bd6 4. d4 dxe4 5. Nc4 Nc6 6. Nc3 Bb4 7. Be3 Nge7 8. a3 Bxc3+ 9. bxc3 O-O 10. Be2 Nd5 11. Qd2 f5 12. Bg5 Qe8 13. Ne3 Nb6 14. h4 f4 15. Nc4 Nd5 16. h5 h6 17. Bh4 e3 18. Qc1 Nxc3 19. fxe3 Nxe2 20. Kxe2 Nxd4+ 21. Kd3 Nf5 22. Kc3 b5 23. Na5 Qe5+ 24. Kb4 c5+ 25. Kb3 Be6+ 26. c4 bxc4+ 27. Ka4 Bd7+ 0-1


[Site "https://www.chess.com"]

[Event "Titled Tuesday Blitz April 18 Early 2023"]
[White "Bodnaruk, Anastasia"]
[Black "Mahdavi, Reza"]
[WhiteFideId "4181751"]
[BlackFideId "12595926"]
[WhiteElo "2310"]
[BlackElo "2357"]
[Result "1/2-1/2"]
[Round "09"]
[TimeControl "180+2"]
[Date "2023.04.18"]
[WhiteClock "0:00:16"]
[BlackClock "0:00:25"]

1. e4 c5 2. Nc3 e6 3. Nf3 a6 4. d4 cxd4 5. Nxd4 Nc6 6. g3 Qc7 7. Bg2 Nf6 8. O-O Nxd4 9. Qxd4 Bc5 10. Bf4 d6 11. Qd2 h6 12. Na4 e5 13. Nxc5 dxc5 14. Be3 Be6 15. h3 Rd8 16. Qc3 Nd7 17. f4 f6 18. b4 c4 19. a4 O-O 20. a5 Rfe8 21. Rab1 Qc6 22. b5 axb5 23. Qb4 c3 24. Rfd1 Ba2 25. Rd6 Qc8 26. Rbd1 exf4 27. gxf4 Nf8 28. Rxd8 Rxd8 29. Rxd8 Qxd8 30. Qxc3 Bc4 31. e5 fxe5 32. fxe5 Qe7 33. Qd4 Qa3 34. Bd2 Ne6 35. Qe3 Qe7 36. Bc3 Qd7 37. Qd2 Qf7 38. Qf2 Qe7 39. Qf3 b4 40. Bb2 Qc5+ 41. Kh2 Qxa5 42. Qxb7 Qc5 43. Qf3 Ng5 44. Qf4 Be6 45. Qd2 Bf5 46. Qd5+ Qxd5 47. Bxd5+ Be6 48. Bc6 Bf5 49. Ba4 Kf7 50. Kg3 Ke7 51. Bd4 Ne6 52. Bb6 g5 53. h4 Kf7 54. hxg5 hxg5 55. Bb3 Ke7 56. Ba5 Nd4 57. Bxb4+ Ke8 58. Ba4+ Kf7 59. Bc5 Nxc2 60. Bxc2 Bxc2 61. Kg4 Ke6 62. Bd6 Bf5+ 63. Kg3 Bb1 64. Bb8 Bf5 65. Bc7 g4 66. Bb8 Be4 67. Bd6 Bf3 68. Bb8 Kd7 69. Bd6 Kc8 70. Ba3 Kd7 71. Bb2 Ke6 72. Bc3 Kd5 73. Ba1 Kc4 74. Bb2 Kb3 75. Bd4 Kc4 76. Be3 Kd5 77. Bf4 Ke6 78. Kh4 Kf5 79. Kg3 Bd5 80. e6 Bxe6 81. Be3 Ke4 82. Bf4 Kd3 83. Bg5 Ke4 84. Bf4 Kf5 85. Be3 Ke5 86. Bf4+ Kd4 87. Bg5 Kd3 88. Bf4 Ke4 89. Bg5 Kd4 90. Bf4 Bf5 91. Bg5 Kd5 92. Bf4 Ke4 93. Bg5 Be6 94. Bf4 1/2-1/2


[Site "https://www.chess.com"]

[Event "Titled Tuesday Blitz April 18 Early 2023"]
[White "Mekhitarian, Krikor Sevag"]
[Black "wqws"]
[WhiteFideId "2107660"]
[WhiteElo "2604"]
[BlackElo "2594"]
[Result "0-1"]
[Round "09"]
[TimeControl "180+2"]
[Date "2023.04.18"]
[WhiteClock "0:00:01"]
[BlackClock "0:00:31"]

1. Nf3 d5 2. c4 d4 3. b4 f6 4. Na3 e5 5. Nc2 c5 6. bxc5 Nc6 7. d3 Bxc5 8. g3 Be6 9. Bg2 Nge7 10. O-O O-O 11. Nd2 f5 12. Rb1 Rb8 13. Nb3 Bb6 14. Ba3 Re8 15. Nb4 Bf7 16. Nxc6 Nxc6 17. Qd2 e4 18. Qf4 Be6 19. dxe4 Bc7 20. Qc1 fxe4 21. Bxe4 Bh3 22. Bf3 Ne5 23. Bd5+ Kh8 24. Nxd4 Bxf1 25. Kxf1 Bb6 26. Nf5 Qf6 27. Qf4 Ng6 28. Qg4 Ne5 29. Qe4 Nxc4 30. Qxc4 Qxf5 31. Rxb6 axb6 32. Bf3 Qh3+ 33. Kg1 Red8 34. e3 Rbc8 35. Qe2 Qe6 36. Kg2 Qc4 37. Qb2 Qc2 38. Qe5 Rd2 39. Kh3 Rxf2 40. Kg4 Qg6+ 41. Kf4 Qf7+ 0-1


[Site "https://www.chess.com"]

[Event "Titled Tuesday Blitz April 18 Early 2023"]
[White "Hambleton, Aman"]
[Black "Janaszak, Dawid"]
[WhiteFideId "2606577"]
[BlackFideId "1119206"]
[WhiteElo "2511"]
[BlackElo "2220"]
[Result "1-0"]
[Round "09"]
[TimeControl "180+2"]
[Date "2023.04.18"]
[WhiteClock "0:00:03"]
[BlackClock "0:00:13"]

1. d4 g6 2. c4 Bg7 3. e4 d6 4. Nc3 Nf6 5. f3 O-O 6. Be3 a6 7. Nge2 c6 8. c5 b5 9. cxd6 exd6 10. Nf4 Nbd7 11. Be2 Bb7 12. Qd2 c5 13. O-O cxd4 14. Bxd4 Ne5 15. Be3 Rc8 16. Rad1 Nc4 17. Bxc4 Rxc4 18. Qxd6 Qc8 19. a3 Re8 20. Rfe1 Rc6 21. Qd2 a5 22. Re2 b4 23. axb4 axb4 24. Ncd5 b3 25. Nxf6+ Bxf6 26. Nd5 Be5 27. Qb4 Rc2 28. Ne7+ Rxe7 29. Qxe7 Bc7 30. Rxc2 bxc2 31. Rc1 Qb8 32. Rxc2 Bxh2+ 33. Kh1 Qg3 34. Rd2 Ba6 35. Qd8+ Kg7 36. Bf2 Qf4 37. Bd4+ Kh6 38. Be3 Qxe3 39. Kxh2 Qf4+ 40. Kh1 g5 41. Qd6+ Kh5 42. Qxf4 1-0


[Site "https://www.chess.com"]

[Event "Titled Tuesday Blitz April 18 Early 2023"]
[White "Harsh Suresh"]
[Black "MKlose11"]
[WhiteFideId "45018464"]
[WhiteElo "2227"]
[BlackElo "2590"]
[Result "1-0"]
[Round "09"]
[TimeControl "180+2"]
[Date "2023.04.18"]
[WhiteClock "0:00:26"]
[BlackClock "0:00:15"]

1. e4 e6 2. d4 d5 3. Nd2 Be7 4. Ngf3 Nf6 5. Bd3 c5 6. c3 Nc6 7. dxc5 dxe4 8. Nxe4 Nxe4 9. Bxe4 Qxd1+ 10. Kxd1 Bxc5 11. Ke2 Bd7 12. Rd1 f5 13. Bc2 h6 14. h4 O-O-O 15. Be3 Bxe3 16. Kxe3 e5 17. Rd2 Be6 18. Rad1 f4+ 19. Ke2 Bg4 20. Be4 Kc7 21. Rxd8 Rxd8 22. Rxd8 Nxd8 23. Bd5 Kd6 24. c4 b6 25. Kd3 Bf5+ 26. Kc3 Ne6 27. b4 e4 28. Nd4 Bg4 29. Nxe6 Bxe6 30. Bxe6 Kxe6 31. Kd4 Kf5 32. c5 bxc5+ 33. bxc5 g5 34. hxg5 hxg5 35. c6 e3 36. c7 exf2 37. c8=Q+ 1-0


[Site "https://www.chess.com"]

[Event "Titled Tuesday Blitz April 18 Early 2023"]
[White "Pajeken, Jakob Leon"]
[Black "Nagy, Gabor"]
[WhiteFideId "12942839"]
[BlackFideId "737119"]
[WhiteElo "2414"]
[BlackElo "2514"]
[Result "0-1"]
[Round "09"]
[TimeControl "180+2"]
[Date "2023.04.18"]
[WhiteClock "0:00:01"]
[BlackClock "0:01:09"]

1. d4 Nf6 2. Nf3 b6 3. g3 Bb7 4. Bg2 g6 5. c4 Bg7 6. d5 O-O 7. Nd4 Na6 8. O-O Nc5 9. Nc3 e5 10. Nc2 d6 11. b4 Na6 12. Rb1 Re8 13. e4 Nb8 14. Ne3 a5 15. a3 c6 16. dxc6 Nxc6 17. Nb5 Nd4 18. Qd3 axb4 19. axb4 Ra2 20. Bb2 Nxb5 21. cxb5 d5 22. exd5 Qa8 23. Qb3 Qa4 24. Qxa4 Rxa4 25. Nc4 Rxb4 26. Nd6 Re7 27. Nxb7 Rxb7 28. Bxe5 Rxb1 29. Rxb1 Rd7 30. Rd1 Ne8 31. Re1 Bxe5 32. Rxe5 Nd6 33. Bh3 Rc7 34. Bf1 Rc1 35. Re7 Rd1 36. Rd7 Rxd5 37. Kg2 Rd2 38. Rd8+ Kg7 39. Kf3 Kf6 40. Rb8 Ke5 41. Ke3 Rb2 42. f4+ Kd5 43. Rxb6 Nf5+ 44. Kf3 Rxh2 45. Rb8 Rb2 46. b6 Rb3+ 47. Kf2 Nxg3 48. Bg2+ Kd6 49. Rd8+ Ke7 50. Rc8 Rxb6 51. Kxg3 h5 52. Rc7+ Kf8 53. Bd5 Rf6 54. Be4 Kg7 55. Bd5 Rf5 56. Bc6 Rc5 57. Rc8 Rc3+ 58. Kh4 Rc4 59. Kg3 h4+ 60. Kxh4 Rxf4+ 61. Kg3 Rc4 62. Bd7 Rd4 63. Bg4 f5 64. Bf3 Kf6 65. Rc6+ Kg5 66. Rc3 Rb4 67. Bc6 Rg4+ 68. Kh3 Rh4+ 69. Kg3 f4+ 70. Kg2 Rh8 71. Rc5+ Kh4 72. Bf3 Rb8 73. Rc2 Rb3 74. Rf2 g5 75. Bd1 Rg3+ 76. Kf1 Rh3 77. Rg2 f3 78. Rg1 g4 79. Kf2 Rh2+ 80. Ke3 Ra2 81. Kf4 Kh3 82. Rxg4 f2 83. Rg3+ Kh2 84. Rf3 Kg1 85. Kg3 Rd2 86. Ba4 f1=Q 87. Rxf1+ Kxf1 0-1


[Site "https://www.chess.com"]

[Event "Titled Tuesday Blitz April 18 Early 2023"]
[White "benny_aizenberg"]
[Black "Yuan, Qingyu"]
[BlackFideId "8609772"]
[WhiteElo "2578"]
[BlackElo "2359"]
[Result "0-1"]
[Round "09"]
[TimeControl "180+2"]
[Date "2023.04.18"]
[WhiteClock "0:00:02"]
[BlackClock "0:00:05"]

1. f4 d5 2. Nf3 Nf6 3. g3 e6 4. Bg2 Be7 5. O-O O-O 6. d3 b5 7. Qe1 Bb7 8. Nbd2 c5 9. e4 dxe4 10. dxe4 Nc6 11. c3 c4 12. Kh1 e5 13. f5 Nd7 14. g4 Nc5 15. Rg1 Nd3 16. Qg3 Bc5 17. Rf1 Qb6 18. h4 Bf2 19. Qh2 Be3 20. a4 a6 21. g5 Bf4 22. Qg1 Be3 23. Qh2 Rfd8 24. Bh3 Na5 25. axb5 axb5 26. f6 Bf4 27. Qe2 gxf6 28. gxf6 Qxf6 29. b4 cxb3 30. Ba3 Nc4 31. Nxc4 bxc4 32. Ng5 h6 33. Nf3 Kh8 34. Bf5 Rg8 35. Bb4 b2 36. Rab1 Ra2 37. Qc2 Raa8 38. Rxb2 Nxb2 39. Qxb2 Rg3 40. Qf2 Rag8 41. Rd1 Qxf5 42. exf5 Bxf3+ 43. Qxf3 Rxf3 0-1


[Site "https://www.chess.com"]

[Event "Titled Tuesday Blitz April 18 Early 2023"]
[White "Wagner, Dennis"]
[Black "Han, Yichen"]
[WhiteFideId "24650684"]
[BlackFideId "1054430"]
[WhiteElo "2470"]
[BlackElo "2342"]
[Result "0-1"]
[Round "09"]
[TimeControl "180+2"]
[Date "2023.04.18"]
[WhiteClock "0:00:02"]
[BlackClock "0:00:05"]

1. d4 Nf6 2. Nf3 e6 3. g3 c5 4. Bg2 Nc6 5. O-O b5 6. Bg5 h6 7. Bxf6 Qxf6 8. c3 Be7 9. Nbd2 d5 10. dxc5 Bxc5 11. e4 O-O 12. exd5 exd5 13. Nb3 Qd6 14. Nxc5 Qxc5 15. Nd4 Nxd4 16. cxd4 Qd6 17. Rc1 Be6 18. Rc5 a6 19. Qd2 Rac8 20. Rfc1 Rfd8 21. Qa5 h5 22. h4 g6 23. Qc3 Qb8 24. a3 Rxc5 25. dxc5 d4 26. Qd2 Qc7 27. b4 Bc4 28. Re1 d3 29. Re3 a5 30. Be4 axb4 31. axb4 Qd7 32. Kg2 Qd4 33. c6 Bd5 34. Bf3 Bxf3+ 35. Rxf3 Qd6 36. c7 Qxc7 37. Rxd3 Qc6+ 38. Kg1 Rxd3 39. Qxd3 Qc1+ 40. Kh2 Qb2 41. Qxb5 Qxf2+ 42. Kh1 Qxg3 43. Qe8+ Kg7 44. b5 Qxh4+ 45. Kg2 Qg4+ 46. Kf2 h4 47. Qe5+ Kh7 48. b6 Qb4 49. Qf6 Kg8 50. Kg2 Qg4+ 51. Kh1 Qh3+ 52. Kg1 Qg3+ 53. Kf1 h3 54. Qd8+ Kh7 55. Qd7 Qf3+ 56. Ke1 h2 57. Kd2 h1=Q 58. b7 Qd5+ 59. Kc2 Qxd7 60. b8=Q Qhc6+ 61. Kb1 Qd1+ 62. Ka2 Qdc2+ 63. Ka3 Q6a4# 0-1


[Site "https://www.chess.com"]

[Event "Titled Tuesday Blitz April 18 Early 2023"]
[White "Bruedigam, Martin"]
[Black "Srihari L R"]
[WhiteFideId "24608033"]
[BlackFideId "46617116"]
[WhiteElo "2331"]
[BlackElo "2334"]
[Result "0-1"]
[Round "09"]
[TimeControl "180+2"]
[Date "2023.04.18"]
[WhiteClock "0:00:05"]
[BlackClock "0:00:16"]

1. d4 f5 2. Nc3 Nf6 3. Bg5 d5 4. Bxf6 exf6 5. e3 Be6 6. Bd3 c6 7. Qf3 g6 8. Nge2 Bd6 9. h4 h5 10. a3 Bf7 11. Nf4 Nd7 12. Qe2 Bxf4 13. exf4+ Kf8 14. O-O Kg7 15. Na4 Re8 16. Qd2 Qc7 17. g3 Nf8 18. Rfe1 Ne6 19. c3 a5 20. Nc5 Nxc5 21. dxc5 a4 22. Rxe8 Rxe8 23. Re1 Rd8 24. Bc2 Qa5 25. Qd4 Qb5 26. Qb4 d4 27. Qxb5 cxb5 28. Rd1 Re8 29. cxd4 Re2 30. d5 Kf8 31. d6 Ke8 32. Rc1 Bc4 33. Kg2 Kd7 34. Kf3 Kc6 35. Bxf5 Rxb2 36. Bxg6 Kxc5 37. d7 Rd2 38. Be8 Kb6 39. Ke3 Rd3+ 40. Ke4 Kc7 41. g4 hxg4 42. h5 Rxa3 43. Rh1 Rh3 0-1


[Site "https://www.chess.com"]

[Event "Titled Tuesday Blitz April 18 Early 2023"]
[White "Samunenkov, Ihor"]
[Black "Krsnik Cohar, Ivan Vihor"]
[WhiteFideId "14187086"]
[BlackFideId "14520044"]
[WhiteElo "2457"]
[BlackElo "2414"]
[Result "1/2-1/2"]
[Round "09"]
[TimeControl "180+2"]
[Date "2023.04.18"]
[WhiteClock "0:00:05"]
[BlackClock "0:00:04"]

1. e4 c5 2. Nf3 g6 3. d4 cxd4 4. Nxd4 Nf6 5. Nc3 Nc6 6. Nxc6 bxc6 7. e5 Nh5 8. Bc4 d5 9. exd6 Qxd6 10. Qxd6 exd6 11. O-O d5 12. Bb3 Bg7 13. Re1+ Be6 14. Na4 O-O 15. Nc5 Rfe8 16. c3 d4 17. Nxe6 dxc3 18. Rb1 cxb2 19. Bxb2 Bxb2 20. Rxb2 Nf4 21. Rc2 Rac8 22. Ba4 Rxe6 23. Rxe6 Nxe6 24. Rxc6 Rb8 25. g3 Rb1+ 26. Kg2 Rb2 27. Bb3 Nd4 28. Rc8+ Kg7 29. Bd5 Nf5 30. Bb3 Nd4 31. Bd5 Nf5 32. Rc3 a5 33. h4 h5 34. Ra3 Rb5 35. Rd3 Rc5 36. Bb3 Kf6 37. Rd7 Nh6 38. Ra7 Kg7 39. Kf3 Rf5+ 40. Ke2 Re5+ 41. Kd3 Rf5 42. f4 Rf6 43. Ke4 Nf5 44. Kf3 Nd4+ 45. Ke4 Nxb3 46. axb3 Rb6 47. Rxa5 Rb4+ 48. Kf3 Rxb3+ 49. Kg2 Rb2+ 50. Kh3 Rb3 51. f5 Rf3 52. fxg6 fxg6 1/2-1/2


[Site "https://www.chess.com"]

[Event "Titled Tuesday Blitz April 18 Early 2023"]
[White "Manukyan, Sargis A."]
[Black "Eynullayev, Atilla"]
[WhiteFideId "13303970"]
[BlackFideId "13413570"]
[WhiteElo "2187"]
[BlackElo "2181"]
[Result "0-1"]
[Round "09"]
[TimeControl "180+2"]
[Date "2023.04.18"]
[WhiteClock "0:01:09"]
[BlackClock "0:00:06"]

1. d4 Nf6 2. c4 e6 3. Nc3 Bb4 4. a3 Bxc3+ 5. bxc3 O-O 6. e3 c5 7. Bd3 Nc6 8. Ne2 d6 9. O-O e5 10. d5 Ne7 11. Ng3 Bd7 12. f4 exf4 13. exf4 Qa5 14. Bd2 Ng6 15. Qc2 Rfe8 16. a4 Ng4 17. Rf3 Nf6 18. Rff1 Rab8 19. f5 Ne5 20. Bg5 Neg4 21. Qd2 h6 22. h3 hxg5 23. hxg4 Nxg4 24. Qxg5 Qxc3 25. Qxg4 Qxd3 26. Rad1 Qe3+ 27. Rf2 Bxa4 28. Nh5 Qh6 29. Rd3 Re1+ 30. Kh2 Rbe8 31. Rh3 Bd1 32. Rff3 Bxf3 33. Qxf3 R1e3 34. Qg4 Rxh3+ 35. Qxh3 Re3 36. Nf6+ Kf8 37. Nh7+ Ke8 38. Nf6+ Kd8 39. Qxh6 gxh6 40. Ng4 Rc3 41. Nxh6 Ke7 42. Ng8+ Kf8 43. Nf6 a5 44. g4 a4 45. g5 a3 46. g6 fxg6 47. fxg6 a2 48. g7+ Kxg7 49. Ne8+ Kf8 50. Nxd6 a1=Q 0-1


[Site "https://www.chess.com"]

[Event "Titled Tuesday Blitz April 18 Early 2023"]
[White "Korchmar, Vasiliy"]
[Black "Gubajdullin, Alexei"]
[WhiteFideId "24131750"]
[BlackFideId "4141202"]
[WhiteElo "2370"]
[BlackElo "2279"]
[Result "0-1"]
[Round "09"]
[TimeControl "180+2"]
[Date "2023.04.18"]
[WhiteClock "0:00:01"]
[BlackClock "0:01:00"]

1. e4 g6 2. d4 Bg7 3. Nc3 c6 4. Be3 d5 5. e5 Nh6 6. Qd2 Nf5 7. Bf4 f6 8. Nf3 g5 9. Bg3 h5 10. O-O-O Nd7 11. exf6 exf6 12. Bd3 Nf8 13. h3 Bh6 14. Kb1 Kf7 15. Qe2 Qe8 16. Ne5+ fxe5 17. Bxe5 Bg7 18. Qf3 Bxe5 19. Bxf5 Bxf5 20. Rhe1 Kg6 21. Rxe5 Qd7 22. Rde1 Rh7 23. g4 hxg4 24. hxg4 Bxg4 25. Qe3 Ne6 26. Rg1 Nf4 27. Qxf4 gxf4 0-1


[Site "https://www.chess.com"]

[Event "Titled Tuesday Blitz April 18 Early 2023"]
[White "Amilal Munkhdalai"]
[Black "Novikov, Evgenij"]
[WhiteFideId "4903250"]
[BlackFideId "4125380"]
[WhiteElo "2293"]
[BlackElo "2242"]
[Result "1-0"]
[Round "09"]
[TimeControl "180+2"]
[Date "2023.04.18"]
[WhiteClock "0:01:23"]
[BlackClock "0:00:02"]

1. e4 c5 2. Nf3 d6 3. d4 cxd4 4. Nxd4 Nf6 5. f3 e5 6. Nb3 Be6 7. Bg5 Nbd7 8. c4 h6 9. Be3 a5 10. Nc3 a4 11. Nc1 a3 12. b3 Be7 13. Bd3 O-O 14. O-O Nc5 15. Bc2 Nfd7 16. N1e2 Kh8 17. Nb5 Ra6 18. Nbc3 f5 19. b4 f4 20. Bf2 Bxc4 21. bxc5 dxc5 22. Bd3 Rd6 23. Nd5 Bxd5 24. exd5 Nf6 25. Qb3 Rxd5 26. Bc4 Rd2 27. Rad1 g5 28. Rxd2 Qxd2 29. Rd1 Qb4 30. Qc2 g4 31. Rb1 Qa5 32. Rxb7 gxf3 33. gxf3 Qa8 34. Rxe7 Qxf3 35. Qg6 Qg4+ 36. Qxg4 Nxg4 37. Bxc5 Rc8 38. Be6 Rxc5 39. Bxg4 Rc2 40. Rxe5 Rxa2 41. Ra5 Kg7 42. Nxf4 Ra1+ 43. Kg2 a2 44. Be6 Kf6 45. Rxa2 Re1 46. Rf2 1-0


[Site "https://www.chess.com"]

[Event "Titled Tuesday Blitz April 18 Early 2023"]
[White "Ravi, Teja S."]
[Black "Rodchenkov, Sergey D."]
[WhiteFideId "5017220"]
[BlackFideId "4168712"]
[WhiteElo "2433"]
[BlackElo "2277"]
[Result "1-0"]
[Round "09"]
[TimeControl "180+2"]
[Date "2023.04.18"]
[WhiteClock "0:00:50"]
[BlackClock "0:00:02"]

1. d4 d5 2. c4 dxc4 3. e3 Nf6 4. Bxc4 e6 5. Nf3 c5 6. O-O a6 7. Bb3 Nbd7 8. Qe2 b5 9. Rd1 c4 10. Bc2 Bb7 11. a3 Be7 12. e4 O-O 13. Nc3 Qb6 14. e5 Nd5 15. Bg5 Nxc3 16. bxc3 Bxf3 17. Qxf3 Bxg5 18. h4 Bh6 19. Qh5 Rfd8 20. g4 Qc6 21. g5 g6 22. Qxh6 Qf3 23. Rac1 Nb6 24. Re1 Qg4+ 25. Kf1 Nd5 26. Be4 Nf4 27. Re3 Rab8 28. Rce1 Nh5 29. Bf3 Qh3+ 30. Ke2 Nf4+ 31. Kd2 Qh2 32. Rf1 b4 33. axb4 a5 34. h5 axb4 35. hxg6 Qxh6 36. gxf7+ Kxf7 37. gxh6 b3 38. Be4 Nd5 39. Rf3+ Ke7 40. Rg1 Rg8 41. Rfg3 Rxg3 42. Rxg3 b2 43. Rg7+ Kf8 44. Bb1 Nf4 45. Rxh7 Kg8 46. Rg7+ Kh8 47. Rc7 Nd3 48. Rxc4 Nxf2 49. Rc6 Nh3 50. Rxe6 Nf4 51. Rd6 Nh5 52. e6 Nf6 53. e7 Ne8 54. Rd8 1-0


[Site "https://www.chess.com"]

[Event "Titled Tuesday Blitz April 18 Early 2023"]
[White "Chernomordik, Pavel"]
[Black "Skvortsov, Andrei"]
[WhiteFideId "2804530"]
[BlackFideId "24108600"]
[WhiteElo "2193"]
[BlackElo "2259"]
[Result "0-1"]
[Round "09"]
[TimeControl "180+2"]
[Date "2023.04.18"]
[WhiteClock "0:01:18"]
[BlackClock "0:02:16"]

1. e4 d5 2. exd5 Qxd5 3. Nc3 Qe5+ 4. Be2 Bg4 5. d4 Bxe2 6. Ngxe2 Qa5 7. O-O Nf6 8. d5 c6 9. Nf4 cxd5 10. Ncxd5 Nxd5 11. Nxd5 Nc6 12. Bf4 O-O-O 13. c4 e6 14. Bd2 Qa6 15. Nc3 Qxc4 16. Rc1 Qd3 17. Qf3 Qxf3 18. gxf3 Rxd2 19. Ne4 Rd5 20. Ng5 Rxg5+ 0-1


[Site "https://www.chess.com"]